 Dungeon Crawl Stone Soup version 0.29-a0-284-gf9362112df (webtiles) character file.

Game seed: 12848620371051393924

8422 enile the Thaumaturge (level 11, -2/84 HPs)
             Began as a Djinni Fire Elementalist on Mar 15, 2022.
             Was a High Priest of Ignis.
             Slain by Harold
             ... wielding a +0 halberd
              (17 damage)
             ... on level 11 of the Dungeon.
             The game lasted 00:18:02 (16492 turns).

enile the Thaumaturge (Djinni Fire Elementalist)   Turns: 16492, Time: 00:18:03

Health: -2/84      AC: 10    Str:  7    XL:     11   Next: 55%
Gold:   404        EV:  7    Int: 20    God:    Ignis [*****.] SH:  0 Dex: 15

rFire   + + +      SeeInvis +   C - +2 long sword "Buesch" {protect, rN++}
rCold   x . .      Faith    .   F - orb {light}
rNeg    + + +      Spirit   .   o - +4 leather armour of Ammin {rElec rN+ SInv}
rPois   ∞          Reflect  .   (no helmet)
rElec   +          Harm     .   (no cloak)
rCorr   .          Rampage  .   c - +2 pair of gloves
Will    +....                   (boots unavailable)
Stlth   +.........              (no amulet)
HPRegen 0.24/turn               (no ring)
MPRegen 0.00/turn               (no ring)

@: rising, flying, held, glowing
A: sickness immunity, fire resistance 2, cold vulnerability 1, float, innate
caster, HP casting, extra vitality 1
a: Renounce Religion, Fiery Armour, Foxfire Swarm


You were on level 11 of the Dungeon.
You worshipped Ignis.
Ignis was extremely pleased with you.
You visited 1 branch of the dungeon, and saw 11 of its levels.
You also visited: Ossuary.

You collected 791 gold pieces.
You spent 387 gold pieces at shops.

Inventory:

Hand Weapons
 i - a +2 vorpal falchion
 r - the +8 short sword "Yseumacs" {flame, rCorr}
   (You took it off an orc on level 5 of the Dungeon)

   It burns those it strikes, dealing additional fire damage.
   rCorr:     It protects you from acid and corrosion.
 C - the +2 long sword "Buesch" (weapon) {protect, rN++}
   (You found it on level 6 of the Dungeon)

   It grants its wielder temporary protection when it strikes (+7 to AC).
   rN:        It greatly protects you from negative energy.
 J - a +0 quarterstaff
Armour
 a - a +0 robe
 c - a +2 pair of gloves (worn)
 o - the +4 leather armour of Ammin (worn) {rElec rN+ SInv}
   (You found it on level 4 of the Dungeon)

   rElec:     It insulates you from electricity.
   rN:        It protects you from negative energy.
   SInv:      It lets you see invisible.
 y - +0 steam dragon scales
 D - the +0 robe of the Furies {rN+}
   (You bought it in a shop on level 1 of the Dungeon)

   rN:        It protects you from negative energy.
 E - a +0 leather armour of cold resistance
 F - an orb of light (worn)
 H - a +1 robe of willpower
Magical Staves
 p - a staff of fire
Wands
 t - a wand of mindburst (12)
 A - a wand of iceblast (4)
Scrolls
 b - 4 scrolls of teleportation
 e - a scroll of immolation
 f - a scroll of enchant armour
 g - 2 scrolls of vulnerability
 m - a scroll of holy word
 n - 4 scrolls of summoning
 w - 2 scrolls of magic mapping
 B - 2 scrolls of fog {unknown}
 I - a scroll of noise
Potions
 d - 2 potions of invisibility
 h - 6 potions of curing {unknown}
 j - 4 potions of heal wounds {unknown}
 k - 4 potions of haste {unknown}
 l - a potion of might {unknown}
 q - a potion of degeneration {unknown}
 s - 3 potions of cancellation {unknown}
 u - 2 potions of lignification {unknown}
 v - 3 potions of magic {unknown}
 x - a potion of flight {unknown}
 z - a potion of mutation {unknown}
Miscellaneous
 G - a condenser vane (inert)


   Skills:
 - Level 9.0 Fighting
 - Level 5.0 Dodging
 - Level 3.0 Stealth
 + Level 10.6 Spellcasting
 - Level 4.0 Evocations


You had 5 spell levels left.
You knew the following spells:

 Your Spells              Type           Power      Damage    Failure   Level
a - Foxfire               Conj/Fire      100%       2x1d9     1%          1
b - Scorch                Fire           100%       2d10      1%          2
c - Conjure Flame         Conj/Fire      52%        6-21      1%          3
d - Inner Flame           Hex/Fire       52%        N/A       1%          3
e - Flame Wave            Conj/Fire      52%        2d11      1%          4
f - Sandblast             Erth           100%       2d20      1%          1
g - Call Imp              Summ           52%        N/A       1%          2
h - Vampiric Draining     Necr           52%        2d9       1%          3
i - Gell's Gravitas       Tloc           52%        N/A       1%          3
j - Olgreb's Toxic Radia  Pois           52%        N/A       1%          4
Your spell library was empty.

Dungeon Overview and Level Annotations

Branches:
Dungeon (11/15)            Temple (0/1) D:4         Ossuary (visited)
   Lair: D:8-11         Orc: D:9-12

Altars:
Cheibriados
Hepliaklqana
Kikubaaqudgha
Uskayaw
Vehumet
Ignis

Shops:
D:1 [   D:6 *

Annotations:
D:3 exclusion: Sigmund
D:11 Erica, Harold


Innate Abilities, Weirdness & Mutations

You are immune to sickness and miasma.
You are immune to poison.
Your flesh is very heat resistant. (rF++)
You are vulnerable to cold. (rC-)
You float through the air rather than walking.
You learn spells naturally, not from books.
Your magical power is your life essence.
You have superior vitality. (+4 MHP)


Message History

Harold throws a throwing net.
The throwing net hits you.
You become entangled in the net!
You see here a throwing net.
You tear a large gash into the net.
The shadow slips into darkness.
The shadow flickers and vanishes for a moment.
Erica gestures wildly while chanting.
Erica flickers and vanishes for a moment.
Casting: Scorch (safe; 1% risk of failure)
Confirm with . or Enter, or press ? or * to list all spells.
Flames lash the shadow.
The shadow is burned terribly!
The shadow explodes!
The fiery explosion engulfs you. You resist.
You are engulfed in blazing flames.
You resist.
You are engulfed in blazing flames.
You resist. Harold fires a harpoon shot at you. The harpoon shot hits you!
You are yanked forward by the harpoon shot.
Casting: Scorch (safe; 1% risk of failure)
Confirm with . or Enter, or press ? or * to list all spells.
Okay, then.
Harold attacks as you move away! Harold hits you with a +0 halberd!!
You are engulfed in blazing flames.
You resist.
Harold throws a throwing net.
The throwing net hits you.
You become entangled in the net!
You see here a throwing net.
You struggle against the net.
You are engulfed in blazing flames.
You resist. Harold barely misses you.
Erica zaps a wand.
You resist with almost no effort.
Clouds of poison gas condense around you!
The condenser dries out!
You are engulfed in blazing flames.
You resist.
Harold is engulfed in poison gas.
Harold is poisoned.
Harold hits you from afar with a +0 halberd!
* * * LOW HITPOINT WARNING * * *
Erica is engulfed in poison gas.
Erica is poisoned.
Erica points at you and mumbles some strange words.
The bolt of poison misses you.
You begin to rise into the air.
You are engulfed in blazing flames.
You resist.
* * * LOW HITPOINT WARNING * * *
Harold is engulfed in poison gas.
Harold looks even sicker.
Harold hits you from afar with a +0 halberd!
You die...

.# .#
#####.#
#...#.#
#.#<#.+
#.....#
####'##
###§#
##§@§#
###@§###
#.§@##
#.###
#.....W.#
#.......#
#.......#
#<.....@#
#.......#


You could see Harold (very poisoned) and Erica (invisible, poisoned).

Vanquished Creatures
  A two-headed ogre (D:8)
  Pikel (D:8)
  Maggie (D:6)
  A troll (D:8)
  2 hornets
  Grinder (D:6)
  Sigmund (D:3)
  A shadow (D:11)
  3 yaks (D:10)
  7 vampire mosquitoes (D:10)
  3 steam dragons
  An acid dragon (D:7)
  2 water moccasins
  2 black bears (D:6)
  An orc warrior (D:10)
  2 ogres
  A centaur (D:6)
  4 lemures (D:8)
  A phantom (D:5)
  4 kobold brigands
  5 bullfrogs
  A gnoll sergeant (D:8)
  3 scorpions
  An elf skeleton (D:6)
  3 necrophages
  4 wights (D:8)
  2 jellies
  13 killer bees
  3 howler monkeys
  3 hounds
  A bullfrog zombie (D:4)
  4 orc priests
  A human zombie (D:4)
  2 human skeletons (D:6)
  8 iguanas
  Terence (D:2)
  10 orc wizards
  A hound zombie (D:4)
  11 mummies
  11 gnolls
  9 adders
  A shadow imp (D:5)
  3 white imps
  An ufetubus (D:5)
  4 adder zombies (D:4)
  4 worms
  5 dart slugs
  35 orcs
  2 ball pythons
  5 endoplasms
  3 giant cockroaches
  2 gnoll zombies (Ossuary)
  6 goblins
  5 hobgoblins
  24 kobolds
  3 quokkas
  5 bats
  A frilled lizard (D:2)
  2 hobgoblin zombies (Ossuary)
  2 kobold zombies (Ossuary)
  2 orc skeletons (D:6)
  3 orc zombies
  5 rats
260 creatures vanquished.

Vanquished Creatures (collateral kills)
  10 foxfires
10 creatures vanquished.

Vanquished Creatures (others)
  424 foxfires
  7 fungi (D:9)
  6 plants
437 creatures vanquished.

Grand Total: 707 creatures vanquished

Notes
Turn   | Place    | Note
-------+----------+-------------------------------------------
     0 | D:1      | enile the Djinni Fire Elementalist began the quest for the
                  | Orb.
     0 | D:1      | Reached XP level 1. HP: 15/15 MP: 0/0
   296 | D:1      | Reached skill level 1 in Fighting
   518 | D:1      | Reached XP level 2. HP: 20/22 MP: 0/0
   619 | D:1      | Found Xoxkin's Antique Armour Emporium.
  1139 | D:1      | Found a faded altar of an unknown god.
  1338 | D:1      | Prayed at the altar of an unknown god.
  1338 | D:1      | Became a worshipper of Ignis, the Dying Flame
  1705 | D:2      | Found a hide-covered altar of Uskayaw.
  1790 | D:2      | Noticed Terence
  1847 | D:3      | Reached XP level 3. HP: 25/29 MP: 0/0
  1847 | D:3      | Learned a level 1 spell: Sandblast
  2349 | D:3      | Noticed Sigmund
  2878 | D:2      | Reached XP level 4. HP: 33/35 MP: 0/0
  3270 | D:2      | Killed Terence
  3271 | D:2      | Reached skill level 3 in Spellcasting
  3826 | D:3      | Reached XP level 5. HP: 39/40 MP: 0/0
  3826 | D:3      | Learned a level 2 spell: Call Imp
  4227 | D:3      | Killed Sigmund
  4228 | D:3      | Reached skill level 4 in Spellcasting
  4228 | D:3      | Reached XP level 6. HP: 38/46 MP: 0/0
  4442 | D:4      | Found a staircase to the Ecumenical Temple.
  4682 | D:4      | Noticed an ogre
  4686 | D:4      | Identified the +4 leather armour of Ammin {rElec rN+ SInv}
  4786 | D:4      | Noticed a steam dragon
  4796 | D:4      | Killed a steam dragon
  4797 | D:4      | Reached XP level 7. HP: 36/53 MP: 0/0
  4797 | D:4      | Learned a level 3 spell: Vampiric Draining
  5092 | D:4      | Reached skill level 5 in Fighting
  5947 | D:4      | Reached XP level 8. HP: 51/59 MP: 0/0
  5998 | D:4      | Reached skill level 5 in Spellcasting
  6470 | D:5      | Entered Level 5 of the Dungeon
  6985 | D:5      | Identified the +8 short sword "Yseumacs" {flame, rCorr}
  7019 | D:5      | Reached skill level 6 in Spellcasting
  7337 | D:5      | Found a snail-covered altar of Cheibriados.
  8282 | D:6      | Noticed Maggie
  8290 | D:6      | Killed Maggie
  8291 | D:6      | Reached skill level 5 in Dodging
  8291 | D:6      | Reached XP level 9. HP: 52/66 MP: 0/0
  8291 | D:6      | Learned a level 3 spell: Gell's Gravitas
  8446 | D:6      | Noticed a hornet
  8451 | D:6      | Killed a hornet
  8569 | D:6      | Found a sand-covered staircase.
  8635 | Ossuary  | Entered an ossuary
  9289 | D:6      | Reached skill level 7 in Spellcasting
  9553 | D:6      | Found Iluqejiz's Assorted Antiques.
  9561 | D:6      | Bought a short fluorescent wand for 96 gold pieces
  9561 | D:6      | Bought a scroll labelled QIHATUAVEDGH for 24 gold pieces
  9764 | D:6      | Reached XP level 10. HP: 37/75 MP: 0/0
 10092 | D:6      | Noticed Grinder
 10096 | D:6      | Reached skill level 8 in Spellcasting
 10096 | D:6      | Reached skill level 1 in Evocations
 10103 | D:6      | Killed Grinder
 10540 | D:6      | Identified the +2 long sword "Buesch" {protect, rN++}
 10651 | D:1      | Bought a steaming robe for 142 gold pieces
 10651 | D:1      | Identified the +0 robe of the Furies {rN+} (You bought it
                  | in a shop on level 1 of the Dungeon)
 10651 | D:1      | Bought a runed leather armour for 125 gold pieces
 11316 | D:7      | Found a hazy altar of Hepliaklqana.
 12427 | D:8      | Noticed a two-headed ogre
 12438 | D:8      | Killed a two-headed ogre
 12988 | D:8      | Reached XP level 11. HP: 51/84 MP: 0/0
 12988 | D:8      | Learned a level 4 spell: Olgreb's Toxic Radiance
 13522 | D:8      | Reached skill level 9 in Spellcasting
 13990 | D:8      | Noticed Pikel
 13996 | D:8      | Killed Pikel
 14059 | D:9      | Noticed a centaur warrior
 14061 | D:9      | Noticed a rakshasa
 14758 | D:10     | Entered Level 10 of the Dungeon
 15039 | D:10     | Reached skill level 10 in Spellcasting
 16400 | D:10     | Noticed a skeletal warrior
 16477 | D:11     | Noticed Erica
 16477 | D:11     | Noticed Harold
 16492 | D:11     | Slain by Harold

Illustrated notes

Levels and vault maps discovered:
D:1:      dpeg_arrival_rhombi, layout_rooms, shapermc_ecumenical_altar_venn,
          serial_shops, nicolae_shop_stone, kennysheep_boxes
D:2:      layout_loops_corners, basic_altar, minmay_door_square,
          serial_bayou_lake_a, uniq_terence
D:3:      layout_loops_ring, uniq_sigmund
D:4:      layout_loops_corners, lemuel_mausoleum_altar_kikubaaqudgha,
          minmay_temple_entry_slanted, hangedman_minor_gate_pass
D:5:      layout_loops_ring, kennysheep_slug_shrine, kennysheep_dice
D:6:      layout_loops_corners, serial_shops, nicolae_stop_n_shop_1,
          nicolae_ossuary_entry_catacombs, uniq_grinder, uniq_maggie
D:7:      layout_loops_ring, mainiacjoe_overflow_big_doors
D:8:      layout_basic, nicolae_figureground_sparkle, uniq_pikel
D:9:      layout_irregular_city, grunt_lair_entry_orc_guard_hut, orc_0_dummy,
          corexii_mini_fake_secret_closet
D:10:     layout_basic, uniq_fannar
D:11:     layout_roguey, minmay_starry_boxes, uniq_erica, uniq_maurice,
          uniq_lodul, uniq_harold

Skill      XL: |  1  2  3  4  5  6  7  8  9 10 11 |
---------------+----------------------------------+-----
Fighting       | 1 2 3 4 5 6 7 9 |  9.0
Spellcasting   | 3 4 6 7 8 10 | 10.6
Dodging        | 4 5 |  5.0
Stealth        | 3 |  3.0
Evocations     | 4 |  4.0

Action                   |  1- 3 |  4- 6 |  7- 9 | 10-12 || total
-------------------------+-------+-------+-------+-------++-------
Melee: Falchion          |       |    10 |    15 |       ||    25
       Short sword       |       |       |     8 |       ||     8
       Long sword        |       |       |       |    19 ||    19
 Cast: Foxfire           |    63 |    39 |    74 |    91 ||   267
       Scorch            |    13 |    16 |    77 |    48 ||   154
       Inner Flame       |       |     4 |    42 |    76 ||   122
       Conjure Flame     |       |       |     7 |     2 ||     9
       Vampiric Draining |       |       |     5 |     4 ||     9
       Call Imp          |       |       |       |     1 ||     1
Invok: Rising Flame      |       |       |       |     1 ||     1
Evoke: Condenser vane    |       |       |       |     1 ||     1
  Use: Potion            |     1 |       |       |       ||     1
       Scroll            |       |       |     8 |     3 ||    11
 Stab: Sleeping          |       |     1 |     2 |       ||     3
Armor: Robe              |     4 |     7 |       |       ||    11
       Leather armour    |       |       |    45 |    33 ||    78
Dodge: Dodged            |     6 |    15 |    45 |    69 ||   135

Table legend: (Time is in decaauts)
 A = Elapsed time spent in this place.
 B = Non-inter-level travel time spent in this place.
 C = Inter-level travel time spent in this place.
 D = Time resting spent in this place.
 E = Time spent auto-exploring this place.
 F = Levels seen in this place.
 G = Mean time per level.
                   A        B        C        D        E       F      G
               +--------+--------+--------+--------+--------+-----+--------+
         Total |  16516 |  15852 |    664 |   1421 |  12543 |  12 | 1376.3 |
       Dungeon |  16075 |  15411 |    664 |   1421 |  12165 |  11 | 1461.4 |
       Ossuary |    440 |    440 |      0 |      0 |    378 |   1 |  440.0 |
               +--------+--------+--------+--------+--------+-----+--------+

Top non-repeatable levels by time:
     D:4: 2241 daAuts
     D:6: 2074 daAuts
     D:8: 1986 daAuts
     D:5: 1853 daAuts
     D:7: 1738 daAuts
    D:10: 1705 daAuts
     D:2: 1584 daAuts
     D:1: 1583 daAuts
     D:3: 1229 daAuts
 Ossuary: 440 daAuts
     D:9: 49 daAuts
    D:11: 28 daAuts
